 Dungeon Crawl Stone Soup version 0.27-a0-328-g7f782ed93a (webtiles) character file.

Game seed: 15454822355886815589

1479 Morgoth the Conjurer (level 8, -4/46 HPs)
             Began as an Octopode Hedge Wizard on Feb 11, 2021.
             Slain by a killer bee (9 damage)
             ... on level 5 of the Dungeon on Feb 12, 2021.
             The game lasted 00:28:02 (8545 turns).

Morgoth the Conjurer (Octopode Hedge Wizard)        Turns: 8545, Time: 00:28:03

Health: -4/46      AC:  1    Str:  9    XL:     8   Next: 79%
Magic:  2/17       EV: 13    Int: 19    God:
Gold:   359        SH:  0    Dex: 11    Spells: 13/19 levels left

rFire    . . .     SeeInvis .   x - +1 dagger (venom)
rCold    . . .     Faith    .   (no shield)
rNeg     . . .     Spirit   .   b - +0 hat
rPois    .         Reflect  .   (no amulet)
rElec    .         Harm     .   (no ring)
rCorr    .         Rampage  .   (no ring)
Will     .....                  (no ring)
Stlth    +++.......             (no ring)
HPRegen  0.15/turn              (no ring)
MPRegen  0.15/turn              (no ring)
                                (no ring)
                                (no ring)

@: lethally poisoned (-4 -> -11), attractive
A: almost no armour, stealthy swim, amphibious, 8 rings, constrict 8, camouflage
1, gelatinous body 1
a: no special abilities


You were on level 5 of the Dungeon.
You visited 1 branch of the dungeon, and saw 7 of its levels.

You collected 359 gold pieces.

Inventory:

Hand Weapons
 e - a +2 dagger of draining
 n - a +2 dagger of venom
 x - a +1 dagger of venom (weapon)
Missiles
 o - 5 poisoned darts (quivered)
Armour
 b - a +0 hat (worn)
Wands
 s - a wand of flame (20)
Scrolls
 d - 3 scrolls of teleportation
 g - 3 scrolls of blinking
 i - a scroll of fear
 j - 2 scrolls of enchant weapon
 v - 3 scrolls of amnesia
Potions
 a - a potion of curing
 c - a potion of haste {unknown}
 h - 3 potions of brilliance
 k - a potion of mutation {unknown}
 l - 2 potions of attraction
 m - a potion of berserk rage {unknown}
 p - 2 potions of lignification {unknown}
 q - 3 potions of degeneration {unknown}
 r - 2 potions of ambrosia {unknown}
 w - a potion of magic {unknown}


   Skills:
 - Level 2.0 Dodging
 - Level 2.6 Stealth
 + Level 6.4 Spellcasting
 + Level 7.4 Conjurations
 - Level 1.0 Summonings
 - Level 1.0 Translocations
 - Level 2.0 Air Magic
 - Level 4.0 Poison Magic


You had 13 spell levels left.
You knew the following spells:

 Your Spells              Type           Power        Failure   Level
a - Magic Dart            Conj           100%         1%          1
c - Mephitic Cloud        Conj/Pois/Air  23%          4%          3
t - Blink                 Tloc           N/A          11%         2

Your spell library contained the following spells:

 Spells                   Type           Power        Failure   Level
 Conjure Flame            Conj/Fire      20%          7%          3
 Call Imp                 Summ           9%           11%         2
 Slow                     Hex            6%           16%         2


Dungeon Overview and Level Annotations

Branches:
Dungeon (7/15)
 Temple: D:4-7

Altars:
Gozag
Hepliaklqana
Sif Muna
Trog
Uskayaw
The Shining One

Shops:
D:5 *


Innate Abilities, Weirdness & Mutations

You cannot wear most types of armour.
You are very stealthy in the water. (Stealth+)
You are amphibious.
You can wear up to eight rings at the same time.
You can use your tentacles to constrict eight enemies at once.
Your skin changes colour to match your surroundings (Stealth+).
Your rubbery body absorbs attacks. (AC +1, EV +1)


Message History

It was a potion of curing.
You feel better.
You constrict the killer bee. The killer bee stings you.
* * * LOW HITPOINT WARNING * * *
The killer bee misses you. The ice beast is pulled toward you!
The jackal is pulled toward you!
Casting: Magic Dart (safe; 1% risk of failure)
Confirm with . or Enter, or press ? or * to list all spells.
You blink.
You lose your grip on the killer bee.
The killer bee is pulled toward you! The ice beast is pulled toward you!
The jackal is pulled toward you!
You miss the killer bee. Your grab misses the killer bee.
The killer bee is almost dead.
The killer bee stings you.
* * * LOW HITPOINT WARNING * * *
The killer bee stings you but does no damage.
The killer bee completely misses you. The killer bee barely misses you.
The killer bee closely misses you.
The killer bee enters a dispersal trap!
The jackal blinks!
You blink.
The killer bee blinks!
The killer bee is pulled toward you! The ice beast is pulled toward you!
The killer bee closely misses you. The jackal is pulled toward you!
The killer bee stings you.
* * * LOW HITPOINT WARNING * * *
The jackal is pulled toward you! The killer bee stings you.
* * * LOW HITPOINT WARNING * * *
The killer bee stings you.
* * * LOW HITPOINT WARNING * * *
The jackal is pulled toward you! The ice beast is pulled toward you!
The killer bee stings you.
* * * LOW HITPOINT WARNING * * *
You are lethally poisoned!
The killer bee poisons you!
You hit the killer bee but do no damage.
Your grab misses the killer bee.
The killer bee is almost dead.
* * * LOW HITPOINT WARNING * * *
You feel sick. The killer bee stings you!
You die...

#.# ##.##.# #.#
#^.# # ###.# ##.##
# #...# ##...##.#
#.### ##.....#.#
#.# ###........#
#.# #..........#
#.###Y#.......####
#..@yh..<.........
#####.##.....#####
#.##.....#
#.####.### #.# #.#
#.####.##
#.......#
######..######
#..##...###


You could see an ice beast, a killer bee and a jackal.

Vanquished Creatures
  Eustachio (D:4)
  Duvessa (D:5)
  An orc warrior (D:6)
  A black bear (D:6)
  2 ogres
  Blork the orc (D:5)
  Dowan (D:5)
  2 scorpions (D:5)
  3 killer bees (D:6)
  A howler monkey (D:4)
  4 orc wizards (D:6)
  6 worker ants
  A hound zombie (D:5)
  Robin (D:3)
  5 gnolls
  2 adders
  3 white imps
  An adder skeleton (D:4)
  3 worms
  2 dart slugs
  3 leopard geckos (D:2)
  4 orcs
  6 giant cockroaches
  18 goblins
  5 hobgoblins
  15 jackals
  13 kobolds
  3 quokkas
  A ball python (D:4)
  7 bats
  7 frilled lizards
  A quokka zombie (D:5)
  9 rats
134 creatures vanquished.

Vanquished Creatures (collateral kills)
  A killer bee (D:6)
1 creature vanquished.

Grand Total: 135 creatures vanquished

Notes
Turn   | Place    | Note
-------+----------+-------------------------------------------
     0 | D:1      | Morgoth the Octopode Hedge Wizard began the quest for the
                  | Orb.
     0 | D:1      | Reached XP level 1. HP: 11/11 MP: 4/4
   186 | D:1      | Reached skill level 2 in Conjurations
   186 | D:1      | Reached XP level 2. HP: 7/17 MP: 4/6
  1033 | D:1      | Reached XP level 3. HP: 19/21 MP: 7/7
  1117 | D:1      | Reached skill level 3 in Conjurations
  2264 | D:2      | Reached XP level 4. HP: 27/27 MP: 2/8
  2330 | D:2      | Learned a level 3 spell: Mephitic Cloud
  2456 | D:2      | Reached skill level 1 in Poison Magic
  2471 | D:2      | Reached skill level 4 in Conjurations
  2471 | D:2      | Reached skill level 1 in Air Magic
  2552 | D:2      | Reached XP level 5. HP: 31/31 MP: 7/9
  3739 | D:3      | Found a faded altar of an unknown god.
  4026 | D:3      | Noticed Robin
  4287 | D:3      | Learned a level 2 spell: Blink
  4331 | D:3      | Killed Robin
  4707 | D:4      | Found a hide-covered altar of Uskayaw.
  5136 | D:4      | Reached XP level 6. HP: 36/36 MP: 5/10
  6142 | D:4      | Found a hazy altar of Hepliaklqana.
  6142 | D:4      | Found a bloodstained altar of Trog.
  6156 | D:4      | Found a glowing golden altar of the Shining One.
  6350 | D:5      | Entered Level 5 of the Dungeon
  6387 | D:5      | Noticed a vampire
  6423 | D:5      | Noticed Blork the orc
  6431 | D:5      | Killed Blork the orc
  6432 | D:5      | Reached XP level 7. HP: 32/41 MP: 8/13
  6475 | D:5      | Noticed Duvessa
  6492 | D:5      | Noticed Dowan
  6501 | D:5      | Killed Duvessa
  6502 | D:5      | Reached skill level 5 in Conjurations
  6509 | D:5      | Killed Dowan
  6882 | D:5      | Found Gozag's Platinum Reserve.
  6883 | D:5      | Found an opulent altar of Gozag.
  7366 | D:5      | Reached skill level 5 in Spellcasting
  7392 | D:5      | Reached skill level 6 in Conjurations
  7392 | D:5      | Reached XP level 8. HP: 10/46 MP: 13/15
  7656 | D:5      | Noticed Eustachio
  7678 | D:4      | Killed Eustachio
  8387 | D:6      | Reached skill level 7 in Conjurations
  8407 | D:6      | Found a shimmering blue altar of Sif Muna.
  8545 | D:5      | Slain by a killer bee

Illustrated notes

Levels and vault maps discovered:
D:1:      lemuel_arrival_rhombus, layout_loops_ring
D:2:      layout_loops_ring, kennysheep_cross_room
D:3:      layout_loops_corners, chequers_ecumenical_altar_lobes, uniq_robin
D:4:      layout_loops_corners, gammafunk_temple_overflow_claw,
          eat_drink_and_be_merry_uskayaw
D:5:      layout_loops_ring, nicolae_gozag_zags_fifth_avenue,
          uniq_blork_the_orc, uniq_duvessa, uniq_prince_ribbit1, uniq_eustachio
D:6:      kennysheep_orc_sif_temple, layout_rooms, grunt_ministairs_13,
          nicolae_tso_swordbearing_angel
D:7:      layout_gridville, minmay_temple_entry_statues_pillars, serial_shops,
          shop

Skill      XL: |  1  2  3  4  5  6  7  8 |
---------------+-------------------------+-----
Conjurations   | 2 3 4 6 7 |  7.4
Poison Magic   | 1 4 |  4.0
Air Magic      | 1 2 |  2.0
Spellcasting   | 4 5 6 |  6.4
Dodging        | |  2.0
Stealth        | |  2.6
Summonings     | |  1.0
Translocations | |  1.0

Action                   |  1- 3 |  4- 6 |  7- 9 || total
-------------------------+-------+-------+-------++-------
Melee: Dagger            |    47 |    79 |    81 ||   207
       Constrict         |    13 |    23 |    26 ||    62
       Tentacles         |     8 |    12 |    18 ||    38
Throw: Dart              |       |     6 |     9 ||    15
 Cast: Magic Dart        |    50 |   100 |    19 ||   169
       Mephitic Cloud    |       |     7 |    10 ||    17
       Blink             |       |     1 |     5 ||     6
  Use: Scroll            |       |     6 |     3 ||     9
       Potion            |       |       |     4 ||     4
 Stab: Sleeping          |     5 |     3 |     2 ||    10
       Distracted        |       |     1 |       ||     1
       Confused          |       |     1 |     5 ||     6
Armor: Skin              |     2 |     4 |     2 ||     8
Dodge: Dodged            |    56 |    51 |    56 ||   163

Table legend: (Time is in decaauts)
 A = Elapsed time spent in this place.
 B = Non-inter-level travel time spent in this place.
 C = Inter-level travel time spent in this place.
 D = Time resting spent in this place.
 E = Time spent auto-exploring this place.
 F = Levels seen in this place.
 G = Mean time per level.
                   A        B        C        D        E       F      G
               +--------+--------+--------+--------+--------+-----+--------+
         Total |   8551 |   8436 |    115 |   1636 |   5249 |   7 | 1221.6 |
       Dungeon |   8551 |   8436 |    115 |   1636 |   5249 |   7 | 1221.6 |
               +--------+--------+--------+--------+--------+-----+--------+

Top non-repeatable levels by time:
     D:1: 1983 daAuts
     D:4: 1804 daAuts
     D:5: 1419 daAuts
     D:3: 1372 daAuts
     D:2: 1338 daAuts
     D:6: 565 daAuts
     D:7: 67 daAuts
